 Dungeon Crawl Stone Soup version 0.21-a0-331-gfb491b4 (webtiles) character file.

8 vishdafish the Charmwright (level 2, 22/22 HPs)
             Began as a Demonspawn Skald on Oct 2, 2017.
             Quit the game on level 1 of the Dungeon.
             The game lasted 00:00:30 (172 turns).

vishdafish the Charmwright (Demonspawn Skald)        Turns: 172, Time: 00:00:31

Health: 22/22      AC:  3    Str: 11    XL:     2   Next: 0%
Magic:  5/5        EV: 12    Int: 14    God:
Gold:   0          SH:  0    Dex: 12    Spells: 4/5 levels left

rFire    . . .     SeeInvis .   a - +0 spear
rCold    . . .     Gourm    .   (no shield)
rNeg     . . .     Faith    .   b - +0 leather armour
rPois    .         Spirit   .   (no helmet)
rElec    .         Reflect  .   (no cloak)
rCorr    .         Harm     .   (no gloves)
MR       .....                  (no boots)
Stlth    ++........             (no amulet)
HPRegen  0.07/turn              (no ring)
MPRegen  0.09/turn              (no ring)

@: no status effects
A: nightstalker 1
a: no special abilities


You were on level 1 of the Dungeon.
You were not hungry.

You visited 1 branch of the dungeon, and saw 1 of its levels.

Inventory:

Hand Weapons
 a - a +0 spear (weapon)
Armour
 b - a +0 leather armour (worn)
Scrolls
 e - a scroll of magic mapping {unknown}
 f - 3 scrolls of recharging {unknown}
 g - a scroll of identify {unknown}
Books
 c - a book of Battle

   Spells                             Type                      Level
   a - Infusion                       Charms                       1
   b - Shroud of Golubria             Charms/Translocation         2
   c - Song of Slaying                Charms                       2
   d - Spectral Weapon                Hexes/Charms                 3
   e - Regeneration                   Charms/Necromancy            3
Comestibles
 d - a bread ration


   Skills:
 - Level 2.0 Fighting
 + Level 2.0 Polearms
 - Level 1.0 Armour
 + Level 1.9 Dodging
 - Level 2.0 Spellcasting
 + Level 3.0 Charms


You had 4 spell levels left.
You knew the following spells:

 Your Spells              Type           Power        Failure   Level  Hunger
a - Infusion              Chrm           #...         9%          1    ##.....


Dungeon Overview and Level Annotations

Branches:
Dungeon (1/15)

Altars:


Innate Abilities, Weirdness & Mutations

You are slightly more attuned to the shadows.


Message History

There are monsters nearby!
You miss the bat. The bat hits you but does no damage.
The bat hits you but does no damage. The bat barely misses you.
You hit the bat but do no damage. The bat hits you but does no damage.
You hit the bat.
The bat is severely wounded.
The bat barely misses you. The bat hits you but does no damage.
You barely miss the bat.
The bat is severely wounded.
The bat closely misses you.
You hit the bat.
You kill the bat!
Your Polearms skill increases to level 2!
Your Charms skill increases to level 3!
You have reached level 2!
Your demonic ancestry asserts itself...
You slip into the darkness of the dungeon.
You hit the rat but do no damage. The rat closely misses you.
You closely miss the rat. The rat closely misses you.
Are you sure you want to abandon this character and quit the game? (Confirm with "yes".)

#.# #.# ### #.#
#.. #.# #.# #.#
#.# #######.#
#.# #.......#
#.# #.#######
#r#
#.###########@#
#.............#
#.#############
#.# #.# ###


You could see a rat.

Vanquished Creatures
  A bat (D:1)
  A giant cockroach (D:1)
  A hobgoblin (D:1)
  3 goblins (D:1)
  A kobold (D:1)
7 creatures vanquished.

Notes
Turn   | Place    | Note
-------+----------+-------------------------------------------
     0 | D:1      | vishdafish the Demonspawn Skald began the quest for the Orb.
     0 | D:1      | Reached XP level 1. HP: 16/16 MP: 3/3
    71 | D:1      | Reached skill level 1 in Armour
   169 | D:1      | Reached skill level 3 in Charms
   169 | D:1      | Gained mutation: You are slightly more attuned to the shadows. [demonic ancestry]
   169 | D:1      | Reached XP level 2. HP: 22/22 MP: 5/5
   172 | D:1      | Quit the game

Vault maps used:
D:1:      shiori_arrival_elements

Skill      XL: |  1 |
---------------+----+-----
Armour         | 1 |  1.0
Polearms       | 2 |  2.0
Charms         | 3 |  3.0
Fighting       | |  2.0
Dodging        | |  1.9
Spellcasting   | |  2.0

Action                   || total
-------------------------++-------
Melee: Spear             ||    35
Armor: Leather armour    ||    13
Dodge: Dodged            ||    14

Table legend:
 A = Spawn XP
 B = Non-spawn XP
 C = Spawn XP percentage of total XP
 D = Spawn monster count
 E = Non-spawn monster count
 F = Spawn count percentage of total count
 G = Total turns spent on level
                    A         B        C        D         E        F      G
               +---------+---------+-------+---------+---------+-------+---------
         Total |       0 |      12 |   0.0 |       0 |       7 |   0.0 |   172
               +---------+---------+-------+---------+---------+-------+---------
           D:1 |       0 |      12 |   0.0 |       0 |       7 |   0.0 |   172
               +---------+---------+-------+---------+---------+-------+---------
